AoeStats
← Vaplis

Nomad

510349771Analyzed
2v2 RM · 1d ago on Sep 30, 2026· 24m 7s· 4 players
Game mode
Random Map
Map size
176×176
Population
200
Speed
Normal
Resources
Standard
Victory
Conquest
Starting age
Dark Age
Ending age
Imperial Age
RankedLock teamsTeams togetherTeam positionsShared explorationLock speedFull tech treeHidden civsTurbo modeCheats
Victory
Defeat
🇱🇹 Spanish · Lithuania
1159
+15
🇱🇹 Armenians · Lithuania
1011
+21
🇨🇱 Mongols · Chile
1149
-19
🇱🇻 Slavs · Latvia
1094
-17
Kaniel Outiss
6:22 Loom
13:37 Feudal Age
15:38 Double-Bit Axe
19:45 Castle Age
18:12 Stone Mining
20:58 Scale Barding Armor
20:54 Scale Mail Armor
21:05 Forging
LD$ Tio Bob
13:20 Loom
15:06 Feudal Age
19:12 Castle Age
19:00 Double-Bit Axe
18:58 Horse Collar
23:15 Wheelbarrow
Vaplis
5:28 Loom
13:07 Feudal Age
16:57 Castle Age
16:59 Town Watch
17:20 Padded Archer Armor
18:18 Leather Archer Armor
18:12 Double-Bit Axe
stasaitis
5:29 Loom
15:08 Feudal Age
15:52 Double-Bit Axe
15:58 Gold Mining
15:37 Man-at-Arms
16:04 Arson
17:19 Wheelbarrow
16:47 Long Swordsman
18:39 Scale Mail Armor
20:43 Forging
Connection lost

Rejoining the realm…

Still unreachable

The connection could not be restored.

Session expired

The server has moved on; the page needs a fresh start.